 Dungeon Sprint DCSS version 0.24.1 (webtiles) character file.

Game seed: 983233289220162449, levelgen mode: deterministic

970 Findor the Fencer (level 8, -7/68 HPs)
             Began as a Naga Warper on Mar 25, 2020.
             Was a Priest of Cheibriados.
             Mangled by a catoblepas (19 damage)
             ... in the Dungeon (Sprint IX: "|||||||||||||||||||||||||||||").
             The game lasted 00:03:37 (613 turns).

Findor the Fencer (Naga Warper)                      Turns: 613, Time: 00:03:37

Health: -7/68      AC: 14    Str: 27    XL:     8   Next: 16%
Magic:  11/11      EV:  3    Int: 22    God:    Cheibriados [***...]
Gold:   0          SH:  0    Dex: 18    Spells: 11/11 levels left

rFire    . . .     SeeInvis +   b - +2 scimitar (slice)
rCold    . . .     Gourm    .   (no shield)
rNeg     . . .     Faith    .   r - +1 chain mail
rPois    +         Spirit   .   (no helmet)
rElec    .         Reflect  .   (no cloak)
rCorr    .         Harm     .   (no gloves)
MR       +....     NoTele   +   q - +0 naga barding
Stlth    ..........             (no amulet)
HPRegen  0.21/turn              s - +2 ring of protection
MPRegen  0.12/turn              t - +3 ring of strength

@: petrifying, very slow
A: large, see invisible, deformed body, poison resistance, slowness 2, slow
metabolism 1, spit poison 1, AC +2
a: Spit Poison, Bend Time, Temporal Distortion, Renounce Religion


You were in the Dungeon.
You worshipped Cheibriados.
Cheibriados was most pleased with you.
You were not hungry.

You visited 1 branch


Innate Abilities, Weirdness & Mutations

You cannot wear boots.
Your serpentine skin is tough. (AC +2)
You have supernaturally acute eyesight. (SInv)
Armour fits poorly on your strangely shaped body.
Your system is resistant to poisons. (rPois)
You cover ground very slowly.
You have a slow metabolism.
You can spit poison.


   Skills:
 + Level 2.8 Fighting
 + Level 15.8 Long Blades
 - Level 0.8 Throwing
 + Level 1.7 Armour
 + Level 2.3 Dodging
 - Level 2.0 Spellcasting
   Level 3.0 Translocations
 * Level 3.1 Invocations


You had 11 spell levels left.
You didn't know any spells.
Your spell library contained the following spells:

 Spells                   Type           Power        Failure   Level  Hunger
 Blink                    Tloc           N/A          36%         2    ##.....
 Shroud of Golubria       Chrm/Tloc      #.....       56%         2    ##.....
 Gell's Gravitas          Tloc           ###.......   58%         3    ###....
 Lesser Beckoning         Tloc           ###.......   58%         3    ###....
 Teleport Other           Tloc           ###.....     58%         3    ###....
 Passage of Golubria      Tloc           N/A          94%         4    #####..

Inventory:

Hand Weapons
 a - a +2 rapier of flaming
   (You found it in the Dungeon)
 b - a +2 scimitar of slicing (weapon)
   (You found it in the Dungeon)
Missiles
 e - 5 boomerangs of dispersal (quivered) {!f}
Armour
 p - a +0 leather armour
 q - a +0 naga barding (worn)
   (You found it in the Dungeon)
 r - a +1 chain mail (worn)
   (You found it in the Dungeon)
Jewellery
 s - a +2 ring of protection (left hand)
   (You found it in the Dungeon)
 t - a +3 ring of strength (right hand)
   (You found it in the Dungeon)
Wands
 x - a wand of acid (6)
   (You found it in the Dungeon)
Scrolls
 d - 3 scrolls of blinking
 m - 3 scrolls of remove curse {@r2}
 n - 2 scrolls of amnesia
Potions
 g - 5 potions of curing {@q1}
 i - a potion of haste {@q3}
 j - 4 potions of magic
 k - a potion of berserk rage
 l - a potion of invisibility
Comestibles
 f - a ration


Message History

The acid corrodes the catoblepas!
The crimson imp stops moving altogether!
Evoke which item? (* to show all) (? for menu, Esc to quit)
Aiming: Corrosive Bolt
Press: ? - help, Shift-Dir - straight line, f/p - catoblepas
Aim: a catoblepas (lightly wounded, covered in acid)
The bolt of acid hits the catoblepas!
The catoblepas is splashed with acid.
The bolt of acid hits the black bear.
The black bear is splashed with acid!
The acid corrodes the black bear!
The catoblepas breathes a plume of calcifying dust at you.
The blast of calcifying dust hits you.
You are engulfed in calcifying dust.
You are engulfed in calcifying dust.
You have got your breath back.
The catoblepas gores you but does no damage.
The catoblepas gores you!!
You slash the catoblepas! You slice the catoblepas!!
The catoblepas is no longer covered in acid.
The catoblepas breathes a plume of calcifying dust at you.
The blast of calcifying dust hits you!
* * * LOW HITPOINT WARNING * * *
The black bear is engulfed in calcifying dust.
The black bear is moving more slowly.
Unknown command.
Unknown command.
Okay, then.
You are engulfed in calcifying dust.
The catoblepas gores you!!
* * * LOW HITPOINT WARNING * * *
You feel much better.
You are engulfed in calcifying dust.
The catoblepas gores you!!
* * * LOW HITPOINT WARNING * * *
You feel much better.
You are engulfed in calcifying dust.
You are slowing down.
The black bear stops moving altogether!
The catoblepas gores you!
* * * LOW HITPOINT WARNING * * *
Evoke which item? (* to show all) (? for menu, Esc to quit)
Aiming: Corrosive Bolt
Press: ? - help, Shift-Dir - straight line, f - black bear, p - catoblepas
Aim: a black bear (lightly wounded, petrified, covered in acid)
The bolt of acid hits the catoblepas.
The catoblepas is splashed with acid.
The acid corrodes the catoblepas!
The bolt of acid hits the black bear!
The black bear is splashed with acid.
The black bear seems to be corroded for longer.
You are engulfed in calcifying dust.
The catoblepas breathes a plume of calcifying dust at you.
The blast of calcifying dust hits you.
* * * LOW HITPOINT WARNING * * *
The catoblepas gores you!!
You die...

▓5▓
▓.▓
▓)▓
▓†▓
▓.▓
▓.▓
▓h▓
▓Y▓
▓@▓
▓§▓
▓§▓
▓§▓
▓.▓
▓[▓
▓.▓
▓)▓
▓|▓


You could see a catoblepas and a black bear (petrified).

Vanquished Creatures
  An unseen horror (D)
  An orc warrior (D)
  2 sky beasts (D)
  An ogre (D)
  A bullfrog (D)
  An iguana (D)
  An adder zombie (D)
  An adder skeleton (D)
  A leopard gecko (D)
  A bat skeleton (D)
  2 hobgoblins (D)
  2 frilled lizards (D)
  A kobold (D)
  A leopard gecko skeleton (D)
  A rat (D)
18 creatures vanquished.

Notes
Turn   | Place    | Note
-------+----------+-------------------------------------------
     0 | D        | Findor the Naga Warper began the quest for the Orb.
     0 | D        | Reached XP level 1. HP: 19/19 MP: 3/3
     8 | D        | Reached skill level 3 in Long Blades
   221 | D        | Reached skill level 4 in Long Blades
   221 | D        | Reached XP level 2. HP: 24/26 MP: 5/5
   233 | D        | Reached skill level 5 in Long Blades
   294 | D        | Found a roughly hewn altar of Beogh.
   294 | D        | Found a snail-covered altar of Cheibriados.
   294 | D        | Found a shadowy altar of Dithmenos.
   294 | D        | Found a white marble altar of Elyvilon.
   294 | D        | Found a blossoming altar of Fedhas.
   294 | D        | Found an opulent altar of Gozag.
   295 | D        | Found a hazy altar of Hepliaklqana.
   296 | D        | Found a viscous altar of Jiyva.
   297 | D        | Found an ancient bone altar of Kikubaaqudgha.
   298 | D        | Became a worshipper of Cheibriados the Contemplative
   299 | D        | Found a corrupted altar of Lugonu.
   300 | D        | Found a burning altar of Makhleb.
   301 | D        | Found a sparkling altar of Nemelex Xobeh.
   302 | D        | Found an iron altar of Okawaru.
   303 | D        | Found a stormy altar of Qazlal.
   304 | D        | Found a sacrificial altar of Ru.
   305 | D        | Found a shimmering blue altar of Sif Muna.
   306 | D        | Found a bloodstained altar of Trog.
   307 | D        | Found a hide-covered altar of Uskayaw.
   308 | D        | Found a radiant altar of Vehumet.
   309 | D        | Found an ornate altar of the Wu Jian Council.
   310 | D        | Found a shimmering altar of Xom.
   311 | D        | Found a basalt altar of Yredelemnul.
   312 | D        | Found a glowing silver altar of Zin.
   313 | D        | Found a glowing golden altar of the Shining One.
   360 | D        | Noticed a sky beast
   360 | D        | Noticed a bullfrog
   360 | D        | Noticed an ogre
   360 | D        | Noticed a sky beast
   360 | D        | Noticed an unseen horror
   366 | D        | Killed an unseen horror
   366 | D        | Reached skill level 14 in Long Blades
   366 | D        | Reached XP level 3. HP: 22/32 MP: 6/6
   366 | D        | Reached XP level 4. HP: 26/39 MP: 7/7
   366 | D        | Reached XP level 5. HP: 31/45 MP: 8/8
   366 | D        | Reached XP level 6. HP: 35/52 MP: 9/9
   366 | D        | Reached XP level 7. HP: 41/60 MP: 10/10
   367 | D        | Reached * piety under Cheibriados
   379 | D        | Reached ** piety under Cheibriados
   384 | D        | Reached skill level 15 in Long Blades
   385 | D        | Reached *** piety under Cheibriados
   390 | D        | Reached skill level 1 in Armour
   390 | D        | Reached XP level 8. HP: 25/68 MP: 11/11
   594 | D        | Noticed a catoblepas
   598 | D        | Reached skill level 3 in Invocations
   610 | D        | HP: 3/68 [catoblepas (24)]
   613 | D        | Mangled by a catoblepas

Levels and vault maps discovered:
D:        linesprint [early_d, line_temple, items_1, d_10, items_2, lair_1,
          lair_end, items_3, orc_1, orc_end, items_4, d_15, swamp_1, shoals_1,
          snake_1, spider_1, d_20, vaults_1, items_5, swamp_end, shoals_end,
          snake_end, spider_end, vaults_end, d_27, items_6, zot_1, zot_end,
          crypt_end, forest_end, elf_end, slime_end, tomb_end, abyss_end,
          pan_hell_end]

Action                   |  1- 3 |  4- 6 |  7- 9 || total
-------------------------+-------+-------+-------++-------
Melee: Falchion          |    31 |       |       ||    31
       Scimitar          |     5 |       |    29 ||    34
 Abil: Spit Poison       |       |       |     1 ||     1
Evoke: Wand              |       |       |     4 ||     4
  Use: Potion            |     1 |       |     2 ||     3
Armor: Leather armour    |     9 |       |       ||     9
       Chain mail        |     4 |       |     9 ||    13
Dodge: Dodged            |    18 |       |     3 ||    21
       Rpst.: Falchion   |     2 |       |       ||     2
       Scimitar          |     2 |       |     1 ||     3
